Map: Waterfall

Players

Infested - Winner!

  • Race: Protoss Protoss
  • League: Diamond
  • Spawn Location: 1:00

Alyur

  • Race: Protoss Protoss
  • League: Bronze
  • Spawn Location: 7:00

VOD

Have the link to the VOD?

Description

PvP Flo BO

Time

  • Played on: Sept. 25, 2022, 11:48 a.m.
  • Length: 4:00
Show
View Real Time Build Order
Export as new Build Order

Infested Protoss - Winner!

Build Orders:  

Get SALT Encoding   

  12  0:00  Probe (Chrono Boost)  
  13  0:11  Probe (Chrono Boost)  
  14  0:16  Probe (Chrono Boost)  
  15  0:23  Pylon  
  15  0:42  Gateway  
  15  0:48  Gateway  
  15  1:28  Zealot (Chrono Boost)  
  19  1:40  Zealot (Chrono Boost)  
  21  1:55  Zealot (Chrono Boost)  
  21  2:00  Nexus  
  21  2:03  Pylon  
  21  2:06  Zealot (Chrono Boost)  
  22  2:22  Zealot (Chrono Boost)  
  24  2:24  Pylon  
  24  2:28  Zealot  
  26  2:40  Pylon  
  26  2:56  Forge  
  26  2:59  Probe  
  26  3:02  Zealot  
  26  3:03  Zealot  
  31  3:21  Probe (Chrono Boost)  
  32  3:31  Probe (Chrono Boost)  
  31  3:36  Probe x2 (Chrono Boost)  
Show
View Real Time Build Order
Export as new Build Order

Alyur Protoss 

Build Orders: Dark Templar Rush 

Get SALT Encoding   

  12  0:02  Probe (Chrono Boost)  
  13  0:14  Probe (Chrono Boost)  
  14  0:25  Pylon  
  14  0:27  Probe  
  15  0:43  Probe  
  15  0:44  Gateway  
  16  0:51  Assimilator  
  16  0:55  Probe  
  17  1:07  Probe, Assimilator  
  18  1:19  Probe  
  19  1:31  Probe (Chrono Boost)  
  20  1:33  Cybernetics Core  
  20  1:39  Pylon  
  20  1:43  Probe (Chrono Boost)  
  21  1:52  Probe (Chrono Boost)  
  22  1:57  Probe  
  23  2:09  Probe  
  23  2:14  Stalker (Chrono Boost)  
  24  2:18  Warp Gate  
  24  2:22  Twilight Council  
  26  2:37  Assimilator  
  26  2:45  Probe  
  27  2:55  Assimilator  
  27  2:57  Probe  
  28  3:03  Dark Shrine  
  28  3:09  Gateway  
  28  3:10  Probe  
  29  3:18  Stalker  
Tags
 
Matchup
PvP
Spawn Locations
Cross Positions
Add a new tag
Caveats
  • Supply blocks, unpowered buildings, or Contaminate may cause inaccurate times.
  • Supply counts are checked every 10 seconds.